AoeStats
← HuerquenLa

Arabia

510347262Analyzed
1v1 RM · 1d ago on Sep 30, 2026· 73m 7s· 2 players
Game mode
Random Map
Map size
Tiny (2 player)
Population
200
Speed
Normal
Resources
Standard
Victory
Conquest
Starting age
Dark Age
Ending age
Imperial Age
RankedLock teamsTeams togetherTeam positionsShared explorationLock speedFull tech treeHidden civsTurbo modeCheats
Victory
Defeat
🇦🇷 Bulgarians · Argentina
743
+18
🇲🇿 Inca · Mozambique
794
-18
HuerquenLa
7:11 Loom
10:01 Feudal Age
11:24 Double-Bit Axe
11:29 Horse Collar
19:03 Fletching
19:04 Arson
20:22 Forging
25:36 Castle Age
23:33 Gold Mining
25:36 Stone Mining
28:53 Wheelbarrow
28:10 Town Watch
28:33 Husbandry
28:43 Bloodlines
28:38 Squires
30:27 Bow Saw
30:31 Heavy Plow
31:19 Stone Shaft Mining
31:58 Hand Cart
31:58 Fervor
36:29 Scale Barding Armor
37:00 Iron Casting
36:26 Scale Mail Armor
39:33 Imperial Age
37:44 Gold Shaft Mining
39:41 Chain Mail Armor
39:47 Chain Barding Armor
39:47 Stirrups
41:33 Conscription
40:48 Elite Skirmisher
41:52 Ballistics
41:28 Murder Holes
41:44 Masonry
42:08 Crop Rotation
43:45 Blast Furnace
43:21 Plate Barding Armor
43:28 Thumb Ring
44:43 Elite Konnik
48:13 Architecture
56:18 Thumb Ring
59:23 Plate Mail Armor
58:49 Bodkin Arrow
58:54 Padded Archer Armor
66:19 Town Patrol
65:55 Capped Ram
67:03 Pikeman
67:29 Gambesons
67:51 Bracer
68:06 Leather Archer Armor
68:56 Chemistry
68:02 Siege Engineers
67:26 Siege Ram
67:32 Halberdier
67:40 Halberdier
Jubileu Khan
6:58 Loom
9:40 Feudal Age
11:13 Town Watch
13:39 Wheelbarrow
18:55 Scale Mail Armor
19:05 Forging
19:32 Forging
20:58 Champi Runner
21:32 Horse Collar
25:20 Arson
30:04 Castle Age
30:19 Fletching
30:29 Padded Archer Armor
30:35 Champi Warrior
32:39 Crossbowman
36:00 Thumb Ring
37:57 Chain Mail Armor
37:37 Bodkin Arrow
37:57 Leather Archer Armor
38:34 Redemption
38:44 Squires
43:01 Hand Cart
44:24 Andean Sling
46:52 Iron Casting
46:51 Treadmill Crane
47:09 Murder Holes
46:56 Pikeman
48:15 Sanctity
51:13 Town Patrol
56:26 Imperial Age
57:56 Ballistics
65:36 Heavy Plow
65:21 Double-Bit Axe
66:53 Crop Rotation
67:10 Stone Mining
68:53 Plate Mail Armor
Connection lost

Rejoining the realm…

Still unreachable

The connection could not be restored.

Session expired

The server has moved on; the page needs a fresh start.